 Dungeon Crawl Stone Soup version 0.23.0 (webtiles) character file.

Game seed: 4937197725180473157

77 Masnef the Ducker (level 4, 23/23 HPs)
             Began as a Spriggan Skald on Feb 17, 2019.
             Was a Follower of Fedhas.
             Got out of the dungeon alive.
             The game lasted 00:03:34 (2389 turns).

Masnef the Ducker (Spriggan Skald)                  Turns: 2389, Time: 00:03:35

Health: 23/23      AC:  2    Str:  7    XL:     4   Next: 13%
Magic:  9/9        EV: 19    Int: 15    God:    Fedhas [*.....]
Gold:   94         SH:  0    Dex: 15    Spells: 2/8 levels left

rFire    . . .     SeeInvis +   a - +0 short sword
rCold    + . .     Gourm    .   (shield restricted)
rNeg     . . .     Faith    .   b - +0 robe
rPois    .         Spirit   .   (helmet restricted)
rElec    .         Reflect  .   (no cloak)
rCorr    .         Harm     .   (gloves unavailable)
MR       .....                  (boots unavailable)
Stlth    +++.......             (no amulet)
HPRegen  0.07/turn              p - ring of protection from cold
MPRegen  0.11/turn              l - ring of wizardry

@: very quick
A: very small, unfitting armour, see invisible, herbivore, speed 3, slow
metabolism 2
a: Fungal Bloom, Sunlight, Renounce Religion


You escaped.
You worshipped Fedhas.
Fedhas was aware of your devotion.
You were not hungry.

You visited 1 branch of the dungeon, and saw 3 of its levels.

You collected 94 gold pieces.

Inventory:

Hand Weapons
 a - a +0 short sword (weapon)
Armour
 b - a +0 robe (worn)
Jewellery
 i - an uncursed ring of fire
 l - a ring of wizardry (right hand)
 p - a ring of protection from cold (left hand)
Scrolls
 e - 2 scrolls of remove curse {unknown}
 f - 2 scrolls of fear {unknown}
 g - 2 scrolls of identify {unknown}
 h - 2 scrolls of amnesia {unknown}
 k - a scroll of fog {unknown}
 n - a scroll of teleportation {unknown}
Potions
 c - 2 potions of brilliance {unknown}
 j - a potion of mutation {unknown}
 m - 4 potions of curing {unknown}
 o - a potion of flight {unknown}
Comestibles
 d - 5 rations


   Skills:
 + Level 1.7 Fighting
 + Level 3.0 Short Blades
 + Level 4.5 Dodging
 + Level 4.1 Stealth
 - Level 2.6 Spellcasting
 - Level 4.4 Charms


You had 2 spell levels left.
You knew the following spells:

 Your Spells              Type           Power        Failure   Level  Hunger
a - Infusion              Chrm           ###.         1%          1    #......
b - Shroud of Golubria    Chrm/Tloc      #.........   5%          2    ##.....
c - Regeneration          Chrm/Necr      #.........   11%         3    ###....

Your spell library contained the following spells:

 Spells                   Type           Power        Failure   Level  Hunger
 Song of Slaying          Chrm           ###.....     2%          2    ##.....
 Spectral Weapon          Hex/Chrm       #.......     11%         3    ###....


Dungeon Overview and Level Annotations

Branches:
Dungeon (3/15)

Altars:
Fedhas
Okawaru


Innate Abilities, Weirdness & Mutations

You are very small and have problems with some larger weapons.
You are too small for most types of armour.
You have supernaturally acute eyesight. (SInv)
You are a herbivore.
You cover ground extremely quickly.
You need to consume almost no food.


Message History

Fedhas accepts your prayer! Fedhas welcomes you!
The plants of the dungeon cease their hostilities.
You can now turn corpses into toadstools.
You can now call sunshine.
There is a stone staircase leading up here.
You climb upwards.
There is a stone staircase leading down here.
Fedhas appreciates ongoing decay.
There is a stone staircase leading up here.
You climb upwards.
Fedhas's fungi set to work.
Fedhas appreciates ongoing decay. x4
There is a stone staircase leading down here.
There is an open door here.
There is a stone staircase leading down here.
There is an open gate, spattered with blood here.
You see here a +0 dagger.
There is a staircase leading out of the dungeon here.
Are you sure you want to leave the Dungeon?
This will make you lose the game!
You have escaped!

♣♣..#....###.#.##
♣♣...#.##.###.#.#.
♣....#........#.#.
♣♣....####.......#.
♣......###########.
♣.......##.......#.
♣.8..8..8#.##..#.#.
♣♣........'.......>.
♣..@......).....#.#.
♣♣........'..##...#.
♣.8..8..8#...#.#.#.
♣♣......##.........
♣.....##......#...
♣♣...####..####...
♣...####.##......
♣...##......##.##
♣...##.#........#


There were no monsters in sight!

Vanquished Creatures
  An adder (D:2)
  An ooze (D:1)
  2 worms (D:2)
  2 dart slugs (D:1)
  A leopard gecko (D:1)
  4 orcs (D:2)
  A giant cockroach (D:1)
  7 goblins
  9 hobgoblins
  3 kobolds
  2 quokkas (D:2)
  4 bats
  A frilled lizard (D:1)
  7 rats
45 creatures vanquished.

Notes
Turn   | Place    | Note
-------+----------+-------------------------------------------
     0 | D:1      | Masnef the Spriggan Skald began the quest for the Orb.
     0 | D:1      | Reached XP level 1. HP: 10/10 MP: 5/5
    29 | D:1      | Reached skill level 1 in Stealth
   124 | D:1      | Reached XP level 2. HP: 10/14 MP: 6/6
   620 | D:1      | Learned a level 2 spell: Shroud of Golubria
   975 | D:1      | Reached XP level 3. HP: 18/18 MP: 8/8
  1389 | D:2      | Learned a level 3 spell: Regeneration
  2068 | D:2      | Found an iron altar of Okawaru.
  2102 | D:2      | Reached XP level 4. HP: 21/23 MP: 5/9
  2290 | D:3      | Found a faded altar of an unknown god.
  2306 | D:3      | Became a worshipper of Fedhas Madash
  2306 | D:3      | Reached * piety under Fedhas
  2389 | D:$      | Got out of the dungeon alive.

Skill      XL: |  1  2  3 |
---------------+----------+-----
Stealth        | 2 3 4 |  4.1
Dodging        | 4 |  4.5
Short Blades   | 3 |  3.0
Fighting       | |  1.7
Spellcasting   | |  2.6
Charms         | |  4.4

Action                   |  1- 3 |  4- 6 || total
-------------------------+-------+-------++-------
Melee: Short sword       |   159 |    12 ||   171
 Cast: Infusion          |     3 |       ||     3
       Shroud of Golubri |     4 |       ||     4
 Stab: Sleeping          |     8 |       ||     8
       Distracted        |     1 |       ||     1
Armor: Robe              |    14 |       ||    14
Dodge: Dodged            |   138 |    12 ||   150
